 Dungeon Crawl Stone Soup version 0.29.1-15-g9cfb28693d (webtiles) character file.

Game seed: 4498425888237379926

46 protoss039 the Sneak (level 3, -5/20 HPs)
             Began as a Vampire Enchanter on Mar 26, 2023.
             Slain by Sigmund
             ... wielding a +0 scythe
              (6 damage)
             ... on level 2 of the Dungeon.
             The game lasted 00:03:30 (1890 turns).

protoss039 the Sneak (Vampire Enchanter)            Turns: 1890, Time: 00:03:31

Health: -5/20      AC:  4    Str:  7    XL:     3   Next: 46%
Magic:  0/6        EV: 13    Int: 17    God:
Gold:   75         SH:  0    Dex: 16    Spells: 4/6 levels left

rFire   . . .      SeeInvis +   a - +1 dagger
rCold   + + .      Faith    .   (no shield)
rNeg    + + +      Spirit   .   b - +0 robe
rPois   ∞          Reflect  .   j - +0 helmet
rElec   .          Harm     .   (no cloak)
rCorr   .          Rampage  .   h - +0 pair of gloves
Will    .....                   (no boots)
Stlth   +++++.....              (no amulet)
HPRegen 0.00/turn               (no ring)
MPRegen 0.10/turn               (no ring)

@: very slightly contaminated, bloodless, inhibited regen
A: bloodless, fangs 3, see invisible, vampiric 2
a: Bat Form, Revivify


You were on level 2 of the Dungeon.
You visited 1 branch of the dungeon, and saw 2 of its levels.

You collected 75 gold pieces.

Inventory:

Hand Weapons
 a - a +1 dagger (weapon)
Missiles
 i - 5 poisoned darts (quivered)
Armour
 b - a +0 robe (worn)
 h - a +0 pair of gloves (worn)
 j - a +0 helmet (worn)
Wands
 k - a wand of mindburst (14)
Scrolls
 d - a scroll of teleportation {unknown}
 e - a scroll of enchant weapon {unknown}
 f - 2 scrolls of fog {unknown}
 g - 6 scrolls of identify {unknown}
 m - a scroll of vulnerability {unknown}
 n - 2 scrolls of magic mapping {unknown}
 q - a scroll of immolation {unknown}
Potions
 c - 2 potions of invisibility
 l - a potion of flight {unknown}
 o - a potion of curing {unknown}
 p - 2 potions of cancellation {unknown}


   Skills:
 * Level 1.2 Fighting
 + Level 1.5 Short Blades
 + Level 0.0 Throwing
 + Level 2.7 Dodging
 * Level 5.0 Stealth
 + Level 2.1 Spellcasting
 + Level 4.6 Hexes
 + Level 0.3 Ice Magic


You had 4 spell levels left.
You knew the following spells:

 Your Spells              Type           Power      Damage    Failure   Level
a - Ensorcelled Hibernat  Hex/Ice        20%        N/A       11%         2

Your spell library contained the following spells:

 Spells                   Type           Power      Damage    Failure   Level
 Confusing Touch          Hex            17%        N/A       9%          3
 Tukima's Dance           Hex            17%        N/A       9%          3
 Dazzling Flash           Conj/Hex       18%        N/A       22%         3
 Spider Form              Tmut/Pois      1%         N/A       50%         3
 Anguish                  Hex/Necr       4%         N/A       58%         4


Dungeon Overview and Level Annotations

Branches:
Dungeon (2/15) Zot: 10113

Altars:

Annotations:
D:2 Natasha, Sigmund


Innate Abilities, Weirdness & Mutations

You do not regenerate when monsters are visible.
You are frail without blood (-20% HP).
You can heal yourself when you bite living creatures.
You are immune to poison.
You have razor-sharp teeth.
You have supernaturally acute eyesight. (SInv)
You are afflicted with vampirism and can become a bat while bloodless.


Message History

Press: ? - help, Shift-Dir - straight line, f/p - Sigmund
Aim: Sigmund, wielding a +0 scythe and wearing a +2 robe of willpower (severely wounded, slightly transparent, chance to affect: 20%)
You miscast Ensorcelled Hibernation.
You are very lightly contaminated with residual magic.
Nothing appears to happen.
Sigmund casts a spell at you. You resist with some effort.
Casting: Ensorcelled Hibernation (safe; 11% risk of failure)
Confirm with . or Enter, or press ? or * to list all spells.
You don't have enough magic to cast this spell.
Unknown command.
You closely miss Sigmund.
Sigmund is severely wounded.
Sigmund barely misses you.
You hit Sigmund.
Sigmund is almost dead.
Sigmund points at you and mumbles some strange words.
The magic dart hits you.
Unknown command.
You barely miss Sigmund. You punch Sigmund, but do no damage.
Sigmund is almost dead.
Sigmund points at you and mumbles some strange words.
The magic dart hits you.
Unknown command.
You closely miss Sigmund.
Sigmund is almost dead.
Sigmund gestures at you while chanting. The magic dart hits you!
* * * LOW HITPOINT WARNING * * *
Unknown command.
You closely miss Sigmund.
Sigmund is almost dead.
Sigmund closely misses you.
Unknown command.
You closely miss Sigmund.
Sigmund is almost dead.
You hit Sigmund. Your punch misses Sigmund.
Sigmund is almost dead.
Sigmund hits you with a +0 scythe.
You die...

...........#
##########.#......
##########.# #......... #.#
### .# #.####...# #.#
#.#####.# #.... #.# ##
#......# ##.#. #.# .# ##.#.#.#
#.#. #.#
######.###......#####.#. #.#
#.!...@.#...#.#.......#.
#####.# #.@........##.#.###
......# #######....#....##.#.#
......# #...# ##.#.##.#.##.#.#
.....### #.#.#
#.#.##.#.##.#.### #......#
#.#.# #.#...(#.........
#..#.#<# #.#.#
#[#.#######...##.
...#.#######.#
#.#....#>....###.
#..#.#.......####.#.#..#.###.#
##
.....#.#####...........#.###.#
#


You could see Sigmund (invisible).

Vanquished Creatures
  An adder (D:2)
  A worm (D:2)
  A dart slug (D:1)
  An endoplasm (D:1)
  A giant cockroach (D:2)
  2 goblins
  3 hobgoblins
  5 jackals
  3 ball pythons
  3 bats
  A frilled lizard (D:1)
  4 kobolds
  6 rats
32 creatures vanquished.

Notes
Turn   | Place    | Note
-------+----------+-------------------------------------------
     0 | D:1      | protoss039 the Vampire Enchanter began the quest for the
                  | Orb.
     0 | D:1      | Reached XP level 1. HP: 13/13 MP: 3/3
   230 | D:1      | Found a faded altar of an unknown god.
   318 | D:1      | Reached XP level 2. HP: 16/16 MP: 5/5
   665 | D:1      | Reached skill level 1 in Fighting
   980 | D:1      | Learned a level 2 spell: Ensorcelled Hibernation
  1206 | D:2      | Noticed Natasha
  1243 | D:2      | Reached skill level 5 in Stealth
  1243 | D:2      | Gained mutation: You are afflicted with vampirism and can
                  | become a bat while bloodless. [Vampire growth]
  1243 | D:2      | Reached XP level 3. HP: 20/20 MP: 6/6
  1875 | D:2      | Noticed Sigmund
  1887 | D:2      | HP: 1/20 [Sigmund/magic dart (7)]
  1890 | D:2      | Slain by Sigmund

Illustrated notes

Levels and vault maps discovered:
D:1:      lightli_arrival_lavapool, layout_loops_corners,
          shapermc_ecumenical_altar_notcrosses
D:2:      layout_loops_ring, serial_co_window_serial,
          co_window_of_opportunity_a, co_window_paths_a, co_window_corner_a,
          co_window_corner_a, co_window_of_opportunity_a, co_window_corner_b,
          co_window_broadway_c, co_window_corner_cb, co_window_broadway_c,
          co_window_unsneaky_path_b, co_window_corner_ca, glass_columns_a,
          glass_columns_a, glass_columns_a, glass_columns_a, glass_columns_a,
          nrook_campfire, uniq_sigmund, uniq_natasha

Skill      XL: |  1  2 |
---------------+-------+-----
Fighting       | 1 |  1.2
Stealth        | 5 |  5.0
Short Blades   | |  1.5
Dodging        | |  2.7
Spellcasting   | |  2.1
Hexes          | |  4.6
Ice Magic      | |  0.3

Action                   || total
-------------------------++-------
Melee: Dagger            ||    59
       Bite              ||     6
       Punch             ||     2
 Cast: Ensorcelled Hiber ||    11
 Abil: Exsanguinate      ||     1
 Stab: Sleeping          ||    22
Armor: Robe              ||    10
Dodge: Dodged            ||    28
